 Dungeon Crawl Stone Soup version 0.28-a0-769-g550dbda0cd (webtiles) character file.

Game seed: 4855662431702228045

18382 jasper the Fighter (level 12, -1/102 HPs)
             Began as a Demonspawn Artificer on Oct 31, 2021.
             Was a High Priest of Okawaru.
             Slain by a boulder beetle (15 damage)
             ... on level 12 of the Dungeon.
             The game lasted 00:22:42 (15482 turns).

jasper the Fighter (Demonspawn Artificer)          Turns: 15482, Time: 00:22:43

Health: -1/102     AC: 12    Str: 13    XL:     12   Next: 27%
Magic:  13/15      EV: 19    Int: 11    God:    Okawaru [*****.]
Gold:   1082       SH:  9    Dex: 18    Spells: 11/11 levels left

rFire   + + +      SeeInvis +   F - +1 whip (elec)
rCold   . . .      Faith    .   K - +0 buckler
rNeg    . . .      Spirit   .   Z - +2 ring mail "Ratuyt" {rPois Int-2 SInv}
rPois   +          Reflect  .   (no helmet)
rElec   .          Harm     .   X - +1 cloak {rCorr}
rCorr   +          Rampage  .   o - +0 pair of gloves
Will    +....                   (boots unavailable)
Stlth   +.........              (no amulet)
HPRegen 0.27/turn               E - ring "Ocoiqotu" {*Corrode rF+++ Will+ EV+4 SInv}
MPRegen 0.14/turn               s - ring of see invisible

@: mighty, very slightly contaminated, invisible (expiring)
A: hooves 3, large bone plates 1, powered by pain 1, spiny 2
a: Renounce Religion, Heroism, Finesse, Duel


You were on level 12 of the Dungeon.
You worshipped Okawaru.
Okawaru was extremely pleased with you.
You visited 2 branches of the dungeon, and saw 13 of its levels.

You collected 1222 gold pieces.
You spent 140 gold pieces at shops.

Inventory:

Hand Weapons
 k - a +0 hunting sling
 r - a +2 mace of venom
 F - a +1 whip of electrocution (weapon)
 I - the +5 flail of Ysotz {drain, rElec}
   (You took it off an orc on level 5 of the Dungeon)

   A truly terrible weapon, it drains the life of any living foe it strikes.
   rElec:     It insulates you from electricity.
Missiles
 g - 430 stones (quivered)
 m - 2 javelins
 x - 47 poisoned darts
Armour
 j - a +2 pair of boots
 o - a +0 pair of gloves (worn)
 p - a +0 scale mail
 q - a scarf of shadows
 K - a +0 buckler (worn)
 X - a +1 cloak of preservation (worn)
 Z - the +2 ring mail "Ratuyt" (worn) {rPois Int-2 SInv}
   (You found it on level 12 of the Dungeon)

   Int:       It affects your intelligence (-2).
   rPois:     It protects you from poison.
   SInv:      It lets you see invisible.
Jewellery
 s - a ring of see invisible (right hand)
 v - a ring of magical power
 D - a ring of flight
 E - the ring "Ocoiqotu" (left hand) {*Corrode rF+++ Will+ EV+4 SInv}
   (You acquired it on level 8 of the Dungeon)

   [ring of evasion]

   EV:        It affects your evasion (+4).
   rF:        It renders you almost immune to fire.
   SInv:      It lets you see invisible.
   *Corrode:  It may corrode you when you take damage.
   Will:      It increases your willpower.
 M - the ring of the Final Chapter {*Corrode MP+9 Str+9 Int+2}
   (You found it on level 7 of the Dungeon)

   [ring of magical power]

   Str:       It affects your strength (+9).
   Int:       It affects your intelligence (+2).
   MP:        It affects your magic capacity (+9).
   *Corrode:  It may corrode you when you take damage.
 O - a ring of positive energy
 R - an amulet of faith
 S - a ring of ice
 W - the amulet "Ryrchaes" {Harm Rampage rElec Regen+ Stlth-}
   (You found it on level 10 of the Dungeon)

   [amulet of regeneration]

   rElec:     It insulates you from electricity.
   Regen:     It increases your rate of health regeneration.
   Harm:      It increases damage dealt and taken.
   Rampage:   It bestows one free step when moving towards enemies.
   Stlth:     It makes you less stealthy.
Wands
 c - a wand of flame (20)
 d - a wand of charming (11)
 P - a wand of polymorph (8)
Scrolls
 a - a scroll of brand weapon
 h - a scroll of blinking
 i - a scroll of fear
 u - 7 scrolls of teleportation
 A - 2 scrolls of fog
 G - a scroll of silence
 H - a scroll of enchant armour
 N - a scroll of enchant weapon
 Q - a scroll of vulnerability
 T - 3 scrolls of amnesia
Potions
 b - a potion of cancellation {unknown}
 f - 2 potions of flight
 n - 2 potions of curing
 t - a potion of lignification
 B - a potion of haste
 C - 2 potions of mutation
 J - a potion of degeneration {unknown}
 U - 3 potions of brilliance
 V - a potion of magic {unknown}
Miscellaneous
 e - a piece from Xom's chessboard (15/15)


   Skills:
 - Level 12.0 Fighting
 - Level 8.0 Maces & Flails
 + Level 8.7 Armour
 + Level 8.5 Dodging
 - Level 0.8 Stealth
 - Level 4.0 Shields
 - Level 4.3 Invocations
 - Level 3.0 Evocations


You had 11 spell levels left.
You didn't know any spells.
Your spell library contained the following spells:

 Spells                   Type           Power      Damage    Failure   Level
 Shock                    Conj/Air       0%         1d3       54%         1
 Dazzling Flash           Conj/Hex       0%         N/A       89%         3
 Swiftness                Air            0%         N/A       89%         3
 Airstrike                Air            0%         N/A       100%        4
 Agony                    Necr           0%         N/A       100%        5
 Silence                  Hex/Air        0%         N/A       100%        5


Dungeon Overview and Level Annotations

Branches:
Dungeon (12/15)            Temple (1/1) D:7            Lair (0/6) D:10
    Orc (0/2) D:12

Altars:
Hepliaklqana
Kikubaaqudgha
Okawaru
Sif Muna
Uskayaw
Vehumet
Wu Jian

Shops:
D:4 *   D:6 :   D:11 =

Annotations:
D:11 exclusion: ice statue


Innate Abilities, Weirdness & Mutations

You have hooves in place of feet.
You are partially covered in large bone plates. (SH +4)
You sometimes gain a little power by taking damage.
You are mostly covered in sharp spines.


Message History

The boulder beetle barely misses you.
You hit the boulder beetle but do no damage.
You kick the boulder beetle!
The boulder beetle is lightly wounded.
You hit the boulder beetle.
You kick the boulder beetle, but do no damage.
The boulder beetle is lightly wounded.
You catch the helpless boulder beetle completely off-guard!
You hit the boulder beetle but do no damage.
You kick the boulder beetle, but do no damage.
The boulder beetle is lightly wounded.
You block the boulder beetle's attack.
You hit the boulder beetle but do no damage.
You kick the boulder beetle, but do no damage.
The boulder beetle is lightly wounded.
You hit the boulder beetle but do no damage.
You kick the boulder beetle, but do no damage.
The boulder beetle is lightly wounded.
You whack the boulder beetle!
Lightning courses through the boulder beetle!
You kick the boulder beetle, but do no damage.
The boulder beetle is heavily wounded.
Your hands slow down.
The boulder beetle bites you!
* * * LOW HITPOINT WARNING * * *
You take 17 damage, and have 13/102 hp.
You hit the boulder beetle but do no damage.
Lightning courses through the boulder beetle!
You kick the boulder beetle.
The boulder beetle is severely wounded.
You hit the boulder beetle but do no damage.
You kick the boulder beetle, but do no damage.
The boulder beetle is severely wounded.
You block the boulder beetle's attack.
You hit the boulder beetle but do no damage.
You kick the boulder beetle, but do no damage.
The boulder beetle is severely wounded.
You flicker for a moment.
The boulder beetle bites you!
You die...

.# #.##).#○#
#######'##'##'##### ..
#.##..##.#######.##.##.#.....
###
####...#.........##.##...####
#.(..##.#####.###.######...
##.#..#.......# #.# #....#.
##.##.##)###.## #.# ##)####
#......#)....# ##.## #..#..
....##^..##)#.####.#.####.#.#
######.#..#.@.###.###.###...#
≈t#.....#.##B###.## ##.###.##
#.###....#.##.## ##.##.## #
##.#.###### ##..###
#.#.##################
#.#...................
#.#####.......#.###..# #.
#....>..#†#...## ##
#.......#)#.####


You could see a boulder beetle.

Vanquished Creatures
  2 boulder beetles
  2 hydras (D:12)
  Erolcha (D:9)
  A centaur warrior (D:12)
  Pikel (D:5)
  2 deep elf pyromancers (D:12)
  3 ugly things (D:12)
  A manticore (D:12)
  2 gargoyles
  A rime drake (D:10)
  An efreet (D:12)
  3 trolls
  Grinder (D:6)
  2 wyverns (D:9)
  A spriggan (shapeshifter) (D:12)
  2 shadows
  5 wraiths
  2 vampires
  6 yaks (D:8)
  3 vampire mosquitoes (D:12)
  A warg (D:12)
  Duvessa (D:7)
  18 water moccasins
  3 orc warriors
  3 black bears
  An ice beast (D:8)
  2 ogres (D:5)
  4 necrophages
  2 wolves (D:10)
  2 lemures (D:5)
  2 phantoms (D:5)
  A centaur (D:10)
  A bullfrog (D:8)
  2 kobold brigands
  Dowan (D:7)
  3 scorpions
  16 killer bees
  4 wights (D:7)
  6 howler monkeys
  3 electric eels (D:10)
  2 centaur zombies
  A bullfrog zombie (D:7)
  10 hounds
  2 jellies
  A gnoll shaman (D:10)
  4 bullfrog skeletons
  An orc priest (D:12)
  6 iguanas
  8 orc wizards
  3 howler monkey skeletons
  5 gnolls (D:10)
  24 adders
  A shadow imp (D:8)
  An ufetubus (D:5)
  An adder skeleton (D:4)
  A worm (D:2)
  A dart slug (D:1)
  24 orcs
  3 bats
  7 endoplasms
  4 giant cockroaches
  10 goblins
  5 hobgoblins
  2 jackals (D:1)
  10 quokkas
  6 ball pythons
  2 frilled lizards
  9 kobolds
  A quokka skeleton (D:4)
  4 rats (D:1)
277 creatures vanquished.

Vanquished Creatures (others)
  A centaur simulacrum (D:12)
1 creature vanquished.

Grand Total: 278 creatures vanquished

Notes
Turn   | Place    | Note
-------+----------+-------------------------------------------
     0 | D:1      | jasper the Demonspawn Artificer began the quest for the
                  | Orb.
     0 | D:1      | Reached XP level 1. HP: 15/15 MP: 1/1
   168 | D:1      | Found a faded altar of an unknown god.
   351 | D:1      | Reached skill level 2 in Fighting
   352 | D:1      | Gained mutation: You are partially covered in sharp spines.
                  | [demonic ancestry]
   352 | D:1      | Reached XP level 2. HP: 17/22 MP: 2/2
   947 | D:1      | Reached skill level 3 in Fighting
  1173 | D:1      | Gained mutation: You are mostly covered in sharp spines.
                  | [demonic ancestry]
  1173 | D:1      | Reached XP level 3. HP: 29/29 MP: 3/3
  1398 | D:2      | Noticed a black bear
  2709 | D:4      | Gained mutation: You sometimes gain a little power by
                  | taking damage. [demonic ancestry]
  2709 | D:4      | Reached XP level 4. HP: 34/37 MP: 4/4
  2710 | D:4      | Reached skill level 4 in Fighting
  2940 | D:4      | Noticed a necrophage
  2954 | D:4      | Killed a necrophage
  2955 | D:4      | Reached skill level 5 in Fighting
  2955 | D:4      | Reached XP level 5. HP: 32/44 MP: 5/5
  3358 | D:4      | Found Umuenwet's General Store.
  3366 | D:4      | Bought 2 potions of heal wounds for 140 gold pieces
  4008 | D:5      | Entered Level 5 of the Dungeon
  4352 | D:5      | Noticed a black bear
  4499 | D:6      | Noticed a necrophage
  4506 | D:6      | Killed a necrophage
  4507 | D:6      | Reached skill level 6 in Fighting
  4507 | D:6      | Reached XP level 6. HP: 41/53 MP: 6/6
  4772 | D:6      | Noticed a water moccasin
  4776 | D:6      | Killed a water moccasin
  4777 | D:6      | Reached skill level 7 in Fighting
  4797 | D:6      | Gained mutation: You have large cloven feet. [demonic
                  | ancestry]
  4797 | D:6      | Reached XP level 7. HP: 54/61 MP: 7/7
  4930 | D:6      | Reached skill level 1 in Maces & Flails
  5051 | D:6      | Noticed Grinder
  5064 | D:6      | Killed Grinder
  5065 | D:6      | Reached skill level 8 in Fighting
  5436 | D:6      | Found Zostro Rohe's Book Boutique.
  5670 | D:7      | Reached XP level 8. HP: 64/68 MP: 8/8
  6039 | D:8      | Identified a scroll of acquirement
  6039 | D:8      | Acquired the ring "Ocoiqotu" {*Corrode rF+++ Will+ EV+4
                  | SInv}
  6125 | D:8      | Reached skill level 5 in Maces & Flails
  6182 | D:7      | Found a staircase to the Ecumenical Temple.
  6187 | Temple   | Entered the Ecumenical Temple
  6196 | Temple   | Became a worshipper of Warmaster Okawaru
  7321 | D:5      | Noticed Pikel
  7345 | D:5      | Killed Pikel
  7345 | D:5      | Reached * piety under Okawaru
  7478 | D:5      | Reached XP level 9. HP: 74/74 MP: 9/9
  7597 | D:5      | Reached skill level 1 in Invocations
  7689 | D:5      | Identified the +1 leather armour "Forget-Me-Not" {rPois
                  | rCorr MP+9 SInv}
  7702 | D:5      | Reached skill level 1 in Dodging
  7860 | D:5      | Identified the +5 flail of Ysotz {drain, rElec}
  8463 | D:7      | Reached ** piety under Okawaru
  8639 | D:7      | Noticed Duvessa
  8645 | D:7      | Noticed Dowan
  8655 | D:7      | Killed Duvessa
  8661 | D:7      | Killed Dowan
  8662 | D:7      | Reached skill level 9 in Fighting
  8823 | D:7      | Identified the ring of the Final Chapter {*Corrode MP+9
                  | Str+9 Int+2}
  8900 | D:7      | Reached skill level 1 in Shields
  9309 | D:8      | Gained mutation: You have hoof-like feet. [demonic
                  | ancestry]
  9309 | D:8      | Reached XP level 10. HP: 73/83 MP: 11/13
  9312 | D:8      | Reached *** piety under Okawaru
  9513 | D:8      | Found an ornate altar of the Wu Jian Council.
 10220 | D:9      | Reached skill level 10 in Fighting
 10307 | D:9      | Noticed Erolcha
 10319 | D:9      | Killed Erolcha
 10576 | D:9      | Reached **** piety under Okawaru
 10939 | D:10     | Entered Level 10 of the Dungeon
 11514 | D:10     | Reached skill level 5 in Armour
 11555 | D:10     | Reached skill level 11 in Fighting
 11579 | D:10     | Gained mutation: You are partially covered in large bone
                  | plates. (SH +4) [demonic ancestry]
 11579 | D:10     | Reached XP level 11. HP: 66/93 MP: 14/14
 11581 | D:10     | Reached skill level 5 in Dodging
 11892 | D:10     | Reached ***** piety under Okawaru
 12109 | D:10     | Found a staircase to the Lair.
 12236 | D:10     | Identified the amulet "Ryrchaes" {Harm Rampage rElec Regen+
                  | Stlth-}
 12884 | D:11     | Received a gift from Okawaru
 12946 | D:11     | Found Dugienez's Jewellery Emporium.
 13084 | D:11     | Noticed a boulder beetle
 13097 | D:11     | Killed a boulder beetle
 13156 | D:11     | Reached skill level 12 in Fighting
 13861 | D:12     | Identified the +2 ring mail "Ratuyt" {rPois Int-2 SInv}
 13986 | D:12     | Noticed a boulder beetle
 13986 | D:12     | Found a staircase to the Orcish Mines.
 14037 | D:12     | Killed a boulder beetle
 14199 | D:12     | Noticed a brown ugly thing
 14213 | D:12     | Killed a brown ugly thing
 14224 | D:12     | Noticed a cyan ugly thing
 14251 | D:12     | Killed a cyan ugly thing
 14664 | D:12     | Noticed a sea snake
 15000 | D:12     | Noticed a seven-headed hydra
 15008 | D:12     | Killed a seven-headed hydra
 15325 | D:12     | Gained mutation: You have hooves in place of feet. [demonic
                  | ancestry]
 15325 | D:12     | Reached XP level 12. HP: 99/102 MP: 15/15
 15325 | D:12     | Noticed a seven-headed hydra
 15337 | D:12     | Killed a seven-headed hydra
 15411 | D:12     | Identified the amulet "Ucytwada" {Faith rPois Will++ Str+3
                  | Dex-3}
 15411 | D:12     | Noticed a centaur warrior
 15425 | D:12     | Killed a centaur warrior
 15443 | D:12     | Noticed a boulder beetle
 15482 | D:12     | Slain by a boulder beetle

Illustrated notes

Levels and vault maps discovered:
D:1:      grunt_arrival_crossed_arrows, layout_basic, serial_glass,
          glass_columns_a, glass_columns_a,
          hellmonk_ecumenical_altar_leap_of_faith, minmay_distorted
D:2:      layout_rooms
D:3:      layout_basic
D:4:      layout_basic, serial_shops, nicolae_shop_statue_plus,
          minmay_starry_boxes
D:5:      minmay_polygon_palace, layout_loops_ring, uniq_pikel
D:6:      layout_loops_corners, serial_shops, nicolae_stop_n_shop_2,
          uniq_grinder
D:7:      layout_loops_cross, minmay_temple_entry_from_below_a, uniq_duvessa
D:8:      layout_basic, nzn_wu_jian_council_hall
D:9:      layout_gridville, uniq_erolcha
D:10:     lemuel_reptile_caves, layout_cave_pools, erik_lair_island
D:11:     lemuel_ice_statue, layout_grid_maze, serial_shops,
          nicolae_take_the_stairs
D:12:     minmay_the_grid_triangle_9x9_rhombus_full
          [minmay_the_grid_triangle_9x9_sparse_checkered,
          minmay_the_grid_triangle_9x9_from_above,
          minmay_the_grid_triangle_9x9_limited_checkers,
          minmay_the_grid_triangle_9x9_corrupted_corridor,
          minmay_the_grid_triangle_9x9_minimal,
          minmay_the_grid_triangle_9x9_steps,
          minmay_the_grid_triangle_9x9_windchime,
          minmay_the_grid_triangle_9x9_prize_insulated], layout_loops_cross,
          david_orc_3, serial_aquarium, aquarium_bridge_straight
          [aquarium_subvault_bridge, aquarium_subvault_window,
          aquarium_subvault_bridge, aquarium_subvault_wall],
          aquarium_bridge_straight [aquarium_subvault_bridge,
          aquarium_subvault_wall, aquarium_subvault_bridge,
          aquarium_subvault_balcony], aquarium_window_3, aquarium_window_fake,
          aquarium_view_2g, aquarium_pool_2
Temple:   compressed_dpeg_circular_temple

Skill      XL: |  1  2  3  4  5  6  7  8  9 10 11 12 |
---------------+-------------------------------------+-----
Fighting       | 2 3 5 6 7 8 9 11 12 | 12.0
Maces & Flails | 4 7 8 |  8.0
Invocations    | 4 |  4.3
Dodging        | 3 4 7 8 |  8.5
Armour         | 3 5 7 8 |  8.7
Shields        | 1 4 |  4.0
Stealth        | |  0.8
Evocations     | |  3.0

Action                   |  1- 3 |  4- 6 |  7- 9 | 10-12 || total
-------------------------+-------+-------+-------+-------++-------
Melee: Club              |    28 |       |       |       ||    28
       Dagger            |    68 |    61 |   113 |       ||   242
       Whip              |       |       |   182 |   579 ||   761
       Flail             |       |       |       |    29 ||    29
       Kick              |       |       |       |    32 ||    32
Throw: Stone             |    45 |     6 |    17 |    15 ||    83
Invok: Heroism           |       |       |     3 |    16 ||    19
       Finesse           |       |       |       |     3 ||     3
Evoke: Wand              |     2 |     7 |     4 |    21 ||    34
  Use: Scroll            |     5 |     4 |    10 |     6 ||    25
       Potion            |       |       |       |     9 ||     9
 Stab: Sleeping          |       |       |       |     1 ||     1
       Invisible         |       |       |       |     1 ||     1
Armor: Leather armour    |    17 |       |       |       ||    17
       Scale mail        |     8 |    22 |    93 |    62 ||   185
       Ring mail         |       |       |       |    31 ||    31
Dodge: Dodged            |    53 |    12 |   103 |   273 ||   441
Block: Buckler           |       |       |    11 |   187 ||   198

Table legend: (Time is in decaauts)
 A = Elapsed time spent in this place.
 B = Non-inter-level travel time spent in this place.
 C = Inter-level travel time spent in this place.
 D = Time resting spent in this place.
 E = Time spent auto-exploring this place.
 F = Levels seen in this place.
 G = Mean time per level.
                   A        B        C        D        E       F      G
               +--------+--------+--------+--------+--------+-----+--------+
         Total |  15212 |  14497 |    715 |   2431 |   9577 |  13 | 1170.2 |
       Dungeon |  15195 |  14487 |    708 |   2431 |   9574 |  12 | 1266.2 |
        Temple |     16 |      9 |      7 |      0 |      3 |   1 |   16.0 |
               +--------+--------+--------+--------+--------+-----+--------+

Top non-repeatable levels by time:
    D:12: 1501 daAuts
     D:4: 1475 daAuts
     D:5: 1443 daAuts
    D:10: 1431 daAuts
     D:8: 1383 daAuts
     D:1: 1312 daAuts
     D:3: 1290 daAuts
     D:9: 1283 daAuts
    D:11: 1244 daAuts
     D:6: 1233 daAuts
     D:7: 910 daAuts
     D:2: 685 daAuts
  Temple: 16 daAuts
